 Dungeon Crawl Stone Soup version 0.27-a0-287-gd4424db430 (webtiles) character file.

Game seed: 14691652024726050459

45347 lunkers the Stormcaller (level 13, -2/113 HPs)
             Began as a Demigod Air Elementalist on Feb 4, 2021.
             Killed from afar by a raiju (16 damage)
             ... with a living lightning
             ... on level 6 of the Lair of Beasts on Feb 8, 2021.
             The game lasted 00:45:26 (24388 turns).

lunkers the Stormcaller (Demigod Air Elementalist) Turns: 24388, Time: 00:45:27

Health: -2/113     AC: 16    Str: 11    XL:     13   Next: 62%
Magic:  15/32      EV: 12    Int: 31    God:
Gold:   1344       SH:  0    Dex: 16    Spells: 18/33 levels left

rFire    . . .     SeeInvis .   M - +5 flail
rCold    . . .     Faith    .   (no shield)
rNeg     . . .     Spirit   .   B - +2 leather armour of Refuge {+Blink Int+4 Stlth+}
rPois    .         Reflect  .   N - +0 helmet
rElec    .         Harm     .   (no cloak)
rCorr    .         Rampage  .   t - +1 pair of gloves
Will     +....                  (no boots)
Stlth    +++.......             c - amulet of magic regeneration
HPRegen  0.28/turn              X - +4 ring of protection
MPRegen  0.48/turn              A - +4 ring of protection

@: about to teleport
A: high mp 1
a: Evoke Blink


You were on level 6 of the Lair of Beasts.
You visited 2 branches of the dungeon, and saw 16 of its levels.
You also visited: Bailey.

You collected 1344 gold pieces.

Inventory:

Hand Weapons
 s - a +2 short sword of protection
 M - a +5 flail (weapon)
Armour
 t - a +1 pair of gloves (worn)
 B - the +2 leather armour of Refuge (worn) {+Blink Int+4 Stlth+}
   (You found it on level 5 of the Dungeon)

   It affects your intelligence (+4).
   It lets you blink.
   It makes you more stealthy.
 G - the +5 ring mail of Rakhet {rF- rCorr Dex+4 Stlth+}
   (You found it in a bailey)

   It affects your dexterity (+4).
   It makes you vulnerable to fire.
   It provides partial protection from all sources of acid and corrosion.
   It makes you more stealthy.
 N - a +0 helmet (worn)
Jewellery
 c - an amulet of magic regeneration (around neck)
 e - an uncursed ring of protection from fire
 g - an uncursed ring of see invisible
 h - an uncursed ring of resist corrosion
 l - an uncursed ring of protection from cold
 A - a +4 ring of protection (right hand)
 I - an uncursed ring of positive energy
 V - an uncursed ring of fire
 X - a +4 ring of protection (left hand)
Wands
 a - a wand of iceblast (6)
 o - a wand of charming (10)
 q - a wand of flame (37)
 w - a wand of paralysis (27)
 C - a wand of random effects (21)
 K - a wand of digging (14)
 L - a wand of polymorph (7)
 T - a wand of acid (17)
Scrolls
 b - 3 scrolls of enchant weapon
 f - 10 scrolls of remove curse
 k - 8 scrolls of teleportation
 u - 2 scrolls of fog
 y - a scroll of enchant armour
 H - 2 scrolls of magic mapping
 J - a scroll of fear
 Q - a scroll of blinking
 W - a scroll of amnesia
Potions
 d - 5 potions of flight
 i - 4 potions of berserk rage
 j - 2 potions of ambrosia
 m - a potion of brilliance
 n - 2 potions of heal wounds
 p - 5 potions of curing
 r - 2 potions of haste
 v - 3 potions of attraction
 x - 4 potions of mutation
 z - 3 potions of magic
 D - 3 potions of lignification
 E - 2 potions of might {unknown}
 F - 3 potions of resistance
 U - a potion of invisibility {unknown}
Miscellaneous
 P - a phial of floods


   Skills:
 + Level 9.9 Fighting
 - Level 1.7 Dodging
 - Level 1.7 Stealth
 + Level 10.9 Spellcasting
 - Level 3.0 Conjurations
 * Level 15.9 Air Magic


You had 18 spell levels left.
You knew the following spells:

 Your Spells              Type           Power        Failure   Level
a - Airstrike             Air            43%          1%          4
b - Swiftness             Air            86%          0%          2
c - Static Discharge      Conj/Air       66%          1%          3
d - Shock                 Conj/Air       100%         1%          1
e - Lightning Bolt        Conj/Air       33%          2%          5

Your spell library contained the following spells:

 Spells                   Type           Power        Failure   Level
 Animate Skeleton         Necr           32%          4%          1
 Pain                     Necr           64%          4%          1
 Sting                    Tmut/Pois      64%          4%          1
 Silence                  Hex/Air        30%          4%          5
 Confusing Touch          Hex            16%          12%         3
 Gell's Gravitas          Tloc           8%           12%         3
 Lesser Beckoning         Tloc           8%           12%         3
 Spider Form              Tmut/Pois      8%           12%         3
 Cause Fear               Hex            8%           36%         4
 Olgreb's Toxic Radiance  Pois           16%          36%         4
 Petrify                  Tmut/Erth      16%          36%         4
 Irradiate                Conj/Tmut      13%          52%         5
 Excruciating Wounds      Necr           8%           73%         5
 Metabolic Englaciation   Hex/Ice        8%           73%         5
 Yara's Violent Unravell  Hex/Tmut       8%           73%         5
 Hydra Form               Tmut           8%           99%         6
 Statue Form              Tmut/Erth      10%          99%         6
 Dragon Form              Tmut           8%           100%        7
 Discord                  Hex            8%           100%        8
 Disjunction              Tloc           8%           100%        8


Dungeon Overview and Level Annotations

Branches:
Dungeon (10/15)            Temple (0/1) D:6            Lair (6/6) D:10
  Swamp (0/4) Lair:2       Spider (0/4) Lair:3        Slime (0/5) Lair:6
    Orc (0/2) D:10         Bailey (visited)

Shops:
D:8 x

Annotations:
Lair:1 3 runed translucent doors, GEC's ghost, novice PaWr
Lair:3 3 runed translucent doors, pdpol's ghost, journeyman GrEE
Lair:4 2 transporters, exclusion: ice statue, Datul's ghost, journeyman SpAE
Lair:5 2 transporters


Innate Abilities, Weirdness & Mutations

You have an increased reservoir of magic. (+10% MP)


Message History

The polar bear is struck by an arc of lightning!
You kill the polar bear!
You are struck by an arc of lightning.
* * * LOW HITPOINT WARNING * * *
The lightning grounds out.
The black bear is struck by an arc of lightning!
The black bear is heavily wounded.
You are struck by an arc of lightning.
* * * LOW HITPOINT WARNING * * *
You feel very sick. The raiju barely misses you. The boulder beetle hits you!!
* * * LOW HITPOINT WARNING * * *
The boulder beetle stops rolling and uncurls.
The black bear closely misses you.
The black bear claws you but does no damage.
The black bear closely misses you.
You feel better.
The raiju bursts into living lightning!
The living lightning hits you!
You die...

##... ##...(.........#. #...
###...............# ...
#...).............. ..#
###................ ..#######
#................. .†#..)#.####
##................
.÷†.÷..#...#####..#..............
#.....h......#.h.........(.......
#.#.#.#.....#.†h@.......P........
########...#...hB#...............
####....°..###............
##.....#.##.............
##......######...........
###........# ###........#.
######......P..#####....###...##
##...............#......## ##P.Y#
#(..#...........###..(..## ##...


You could see a boulder beetle, a raiju and 2 black bears.

Vanquished Creatures
  Kirke (Lair:3)
  2 entropy weavers (Lair:4)
  4 hydras
  A centaur warrior (D:9)
  A two-headed ogre (D:9)
  A queen ant (Lair:5)
  Sonja (Lair:3)
  A lindwurm (Lair:6)
  2 oklob plants (Lair:5)
  18 elephants
  A torpor snail (Lair:4)
  3 black mambas
  8 cane toads
  2 rime drakes
  11 komodo dragons
  9 polar bears
  A troll (D:9)
  A hornet (D:9)
  A jumping spider (Lair:3)
  Grinder (D:5)
  22 blink frogs
  A raiju (Lair:6)
  Sigmund (D:3)
  11 yaks
  6 basilisks
  7 wyverns
  3 hogs
  A warg (Lair:6)
  11 soldier ants
  2 hell hounds (Lair:6)
  17 water moccasins
  A sky beast (D:8)
  14 orc warriors
  4 ice beasts
  10 black bears
  2 necrophages
  5 ogres
  5 centaurs
  3 phantoms
  6 wolves
  A kobold brigand (D:10)
  14 bullfrogs
  A gnoll sergeant (D:10)
  5 scorpions
  3 killer bees (D:7)
  6 electric eels
  A wight (D:9)
  A howler monkey (D:10)
  9 orc priests
  A gnoll shaman (D:9)
  2 centaur zombies
  5 hounds
  3 bullfrog skeletons
  5 jellies
  2 centaur skeletons
  24 worker ants
  Natasha (D:2)
  2 iguanas
  10 orc wizards
  A killer bee zombie (D:5)
  A howler monkey zombie (D:6)
  A worker ant zombie (D:9)
  12 gnolls
  A howler monkey skeleton (D:9)
  10 adders
  2 white imps (D:10)
  2 ufetubi
  An ooze (D:3)
  2 adder skeletons
  3 worms (D:2)
  2 dart slugs (D:1)
  10 leopard geckos
  31 orcs
  3 ball pythons
  6 bats
  3 giant cockroaches
  16 goblins
  8 hobgoblins
  8 jackals
  13 kobolds
  3 quokkas
  5 frilled lizards
  2 jackal skeletons
  2 quokka skeletons
  3 rats
449 creatures vanquished.

Vanquished Creatures (others)
  44 fungi
  111 plants
155 creatures vanquished.

Grand Total: 604 creatures vanquished

Notes
Turn   | Place    | Note
-------+----------+-------------------------------------------
     0 | D:1      | lunkers the Demigod Air Elementalist began the quest for
                  | the Orb.
     0 | D:1      | Reached XP level 1. HP: 14/14 MP: 5/5
   286 | D:1      | Reached skill level 3 in Air Magic
   368 | D:1      | Reached XP level 2. HP: 20/20 MP: 1/7
  1006 | D:1      | Learned a level 2 spell: Swiftness
  1174 | D:2      | Reached XP level 3. HP: 26/26 MP: 6/9
  1393 | D:2      | Found a stormy altar of Qazlal.
  1405 | D:2      | Learned a level 3 spell: Static Discharge
  1685 | D:2      | Reached skill level 4 in Air Magic
  1894 | D:2      | Noticed Natasha
  1903 | D:2      | Killed Natasha
  1904 | D:2      | Reached XP level 4. HP: 33/33 MP: 3/10
  1922 | D:2      | Found a white marble altar of Elyvilon.
  1923 | D:2      | Found a glowing golden altar of the Shining One.
  1924 | D:2      | Found a glowing silver altar of Zin.
  2187 | D:3      | Found a hazy altar of Hepliaklqana.
  2399 | D:3      | Noticed Sigmund
  2455 | D:3      | Killed Sigmund
  2456 | D:3      | Reached skill level 5 in Air Magic
  2456 | D:3      | Reached XP level 5. HP: 26/38 MP: 5/12
  3275 | D:4      | Reached XP level 6. HP: 32/45 MP: 6/14
  3281 | D:4      | Learned a level 4 spell: Airstrike
  3712 | D:4      | Reached skill level 6 in Air Magic
  4132 | D:4      | Reached XP level 7. HP: 50/50 MP: 4/16
  4510 | D:5      | Entered Level 5 of the Dungeon
  4812 | D:5      | Reached skill level 7 in Air Magic
  4858 | D:5      | Got a smouldering leather armour
  4869 | D:5      | Identified the +2 leather armour of Refuge {+Blink Int+4
                  | Stlth+} (You found it on level 5 of the Dungeon)
  5168 | D:6      | Noticed Grinder
  5175 | D:6      | Paralysed by Grinder for 3 turns
  5181 | D:6      | Paralysed by Grinder for 5 turns
  5188 | D:5      | Killed Grinder
  5344 | D:6      | Found a staircase to the Ecumenical Temple.
  5533 | D:6      | Reached skill level 5 in Spellcasting
  5533 | D:6      | Reached XP level 8. HP: 57/57 MP: 6/19
  5592 | D:6      | Reached skill level 8 in Air Magic
  5699 | D:6      | Found a sacrificial altar of Ru.
  5701 | D:6      | Found a radiant altar of Vehumet.
  6121 | D:6      | Found a bloodstained altar of Trog.
  6619 | D:7      | Reached skill level 9 in Air Magic
  7676 | D:8      | Found a flagged portal.
  7713 | Bailey   | Entered a bailey
  7718 | Bailey   | Reached skill level 1 in Fighting
  7718 | Bailey   | Reached XP level 9. HP: 64/64 MP: 5/22
  7914 | Bailey   | Reached skill level 10 in Air Magic
  8150 | Bailey   | Got a dazzling ring mail
  8316 | Bailey   | Identified the +5 ring mail of Rakhet {rF- rCorr Dex+4
                  | Stlth+} (You found it in a bailey)
  8904 | D:8      | Found Saysm's Gadget Shop.
  9024 | D:8      | Found a broken altar of Ashenzari.
  9576 | D:9      | Reached skill level 11 in Air Magic
  9607 | D:9      | Reached XP level 10. HP: 60/78 MP: 18/24
 10198 | D:9      | Noticed a centaur warrior
 10204 | D:9      | Killed a centaur warrior
 10334 | D:9      | Identified Sif Muna's Almanac of Cankerous Attacks
 10343 | D:9      | Identified the Handbook of the Sage
 10685 | D:9      | Noticed a two-headed ogre
 10697 | D:9      | Killed a two-headed ogre
 10698 | D:9      | Reached skill level 5 in Fighting
 10975 | D:9      | Found a faded altar of an unknown god.
 10975 | D:9      | Found a faded altar of an unknown god.
 10981 | D:9      | Found a stormy altar of Qazlal.
 10983 | D:9      | Found a blossoming altar of Fedhas.
 10985 | D:9      | Found an iron altar of Okawaru.
 11079 | D:10     | Entered Level 10 of the Dungeon
 11529 | D:10     | Reached skill level 12 in Air Magic
 11693 | D:10     | Found a staircase to the Orcish Mines.
 12136 | D:10     | Found a staircase to the Lair.
 12203 | D:10     | Reached XP level 11. HP: 89/89 MP: 6/27
 12459 | D:10     | Got a slimy long sword
 12460 | D:10     | Identified the cursed +3 long sword "Conuib" {drain, *Rage
                  | rC+ rN+ Will+} (You found it on level 10 of the Dungeon)
 12992 | Lair:1   | Entered Level 1 of the Lair of Beasts
 13098 | Lair:1   | Noticed GEC's ghost (novice PaWr)
 13174 | Lair:1   | Found a runed translucent gate.
 13174 | Lair:1   | Found a runed translucent gate.
 13174 | Lair:1   | Found a runed translucent gate.
 13756 | Lair:1   | Noticed a four-headed hydra
 13765 | Lair:1   | Killed a four-headed hydra
 13971 | Lair:1   | Reached skill level 13 in Air Magic
 14375 | Lair:2   | Found a staircase to the Swamp.
 15695 | Lair:3   | Noticed pdpol's ghost (journeyman GrEE)
 15697 | Lair:3   | Noticed an eight-headed hydra
 15710 | Lair:3   | Found a runed translucent gate.
 15710 | Lair:3   | Found a runed translucent gate.
 15738 | Lair:3   | Found a runed translucent gate.
 15769 | Lair:3   | Noticed a seven-headed hydra
 15795 | Lair:3   | Killed a seven-headed hydra
 15952 | Lair:3   | Noticed Sonja
 15955 | Lair:3   | Killed Sonja
 15956 | Lair:3   | Reached XP level 12. HP: 100/100 MP: 12/29
 16255 | Lair:3   | Found a hole to the Spider Nest.
 16660 | Lair:4   | Noticed Kirke
 16868 | Lair:3   | Noticed a sphinx
 16902 | Lair:3   | Killed Kirke
 16903 | Lair:3   | Reached skill level 14 in Air Magic
 17291 | Lair:4   | Learned a level 5 spell: Lightning Bolt
 17422 | Lair:4   | Noticed Datul's ghost (journeyman SpAE)
 17514 | Lair:4   | Noticed a seven-headed hydra
 17697 | Lair:4   | Reached skill level 1 in Conjurations
 17814 | Lair:4   | Found a transporter.
 17816 | Lair:4   | Found a transporter.
 18593 | Lair:5   | Found a transporter.
 18993 | Lair:5   | Found a transporter.
 19040 | Lair:5   | Noticed an entropy weaver
 19054 | Lair:4   | Killed an entropy weaver
 19055 | Lair:4   | Reached skill level 10 in Spellcasting
 19367 | Lair:5   | Noticed an entropy weaver
 19432 | Lair:5   | HP: 2/103 [entropy weaver (11)]
 19821 | Lair:4   | Killed an entropy weaver
 21298 | Lair:6   | Entered Level 6 of the Lair of Beasts
 21312 | Lair:6   | Reached skill level 15 in Air Magic
 21312 | Lair:6   | Reached XP level 13. HP: 65/111 MP: 11/31
 21944 | Lair:6   | Upgraded the game from 0.27-a0-263-gc8dee61f84 to
                  | 0.27-a0-287-gd4424db430
 22620 | Lair:4   | Got a faintly glowing rapier
 22637 | Lair:4   | Identified the +2 rapier of Abuse {freeze, rC+ Will- Dex+2}
                  | (You found it on level 4 of the Lair of Beasts)
 22948 | Lair:6   | Found a white marble altar of Elyvilon.
 23777 | Lair:6   | Found a staircase to the Slime Pits.
 24387 | Lair:6   | HP: 4/113 [boulder beetle (24)]
 24388 | Lair:6   | Killed from afar by a raiju

Illustrated notes

Levels and vault maps discovered:
D:1:      tarquinn_simple_flora_water_a, layout_rooms
D:2:      cheibrodos_old_hovel, layout_loops_corners, good_gods_temple_1,
          grunt_qazlal_sundering, uniq_natasha
D:3:      layout_basic, nzn_hepliaklqana_mist_gate, serial_glass,
          glass_columns_a, glass_columns_b, uniq_sigmund
D:4:      layout_basic, serial_bayou, serial_bayou_crossing,
          serial_bayou_pond_a, serial_bayou_shore_b, serial_bayou_ford_a
D:5:      layout_rooms
D:6:      layout_loops_ring, nicolae_overflow_hidden_temple,
          minmay_temple_entry_statues_pillars, uniq_grinder
D:7:      layout_loops_corners
D:8:      corexii_shack_village, layout_rooms, kennysheep_mini_moat,
          serial_shops, nicolae_shop_temple_entry_statues_fountains,
          enter_bailey_7, item_on_display_a
D:9:      minmay_the_grid_plus_closed [minmay_the_grid_square_x,
          minmay_the_grid_holed_spiral, minmay_the_grid_spin_star,
          minmay_the_grid_mess, minmay_the_grid_prize_four_corners_diamond_b],
          layout_stronghold, chequers_temple_overflow_minitemple
D:10:     layout_loops_corners, minmay_lair_entry_grove, orc_0_dummy,
          minmay_fountain_box, minmay_misc_feat_plants, chequers_big_river
Lair:1:   layout_loops_ring, gammafunk_ghost_split, grunt_megastairs_4
Lair:2:   layout_regular_city, minmay_swamp_entry_eels
Lair:3:   layout_chaotic_city, spider_nest_entry_rubble, gammafunk_ghost_split,
          uniq_sonja
Lair:4:   layout_roguey, nzn_ghost_randoct, st_stairs_11, minmay_hedge_maze,
          beast_lair_carwin_2, uniq_kirke
Lair:5:   gammafunk_cloud_chamber, layout_small_grid, minmay_another_anthill,
          minmay_lair_oklob_chamber
Lair:6:   guppyfry_lair_end_dragon, layout_cave_pods,
          hangedman_lair_caniforms_friends, slime_dummy, basic_altar,
          serial_bayou_pond_a, lemuel_fruit_tree

Skill      XL: |  1  2  3  4  5  6  7  8  9 10 11 12 |
---------------+-------------------------------------+-----
Air Magic      | 3 4 5 6 7 9 11 12 13 15 | 15.9
Spellcasting   | 2 3 4 5 6 7 8 9 10 | 10.9
Fighting       | 1 3 5 7 9 |  9.9
Conjurations   | 3 |  3.0
Dodging        | |  1.7
Stealth        | |  1.7

Action                   |  1- 3 |  4- 6 |  7- 9 | 10-12 | 13-15 || total
-------------------------+-------+-------+-------+-------+-------++-------
Melee: Unarmed           |    14 |       |       |       |       ||    14
       Short sword       |       |    13 |    13 |     2 |       ||    28
       Long sword        |       |       |       |     9 |       ||     9
       Flail             |       |       |       |    12 |    12 ||    24
 Cast: Shock             |   108 |   106 |       |     2 |     1 ||   217
       Airstrike         |       |    10 |   185 |   457 |   178 ||   830
       Static Discharge  |       |       |       |    13 |    11 ||    24
       Lightning Bolt    |       |       |       |     8 |     2 ||    10
Evoke: Wand              |       |       |       |     3 |       ||     3
       Phial of floods   |       |       |       |     1 |       ||     1
  Use: Scroll            |       |       |    14 |     8 |     9 ||    31
       Potion            |       |       |       |     2 |     1 ||     3
Armor: Robe              |     3 |    19 |       |       |       ||    22
       Leather armour    |       |       |     9 |    88 |    90 ||   187
Dodge: Dodged            |    23 |    32 |    33 |   115 |    94 ||   297
       Rpst.: Long sword |       |       |       |     4 |       ||     4

Table legend: (Time is in decaauts)
 A = Elapsed time spent in this place.
 B = Non-inter-level travel time spent in this place.
 C = Inter-level travel time spent in this place.
 D = Time resting spent in this place.
 E = Time spent auto-exploring this place.
 F = Levels seen in this place.
 G = Mean time per level.
                   A        B        C        D        E       F      G
               +--------+--------+--------+--------+--------+-----+--------+
         Total |  24424 |  23831 |    593 |   4341 |  16253 |  17 | 1436.7 |
       Dungeon |  12390 |  12086 |    304 |    724 |   9871 |  10 | 1239.0 |
          Lair |  11410 |  11122 |    288 |   3442 |   6129 |   6 | 1901.7 |
        Bailey |    623 |    623 |      0 |    175 |    253 |   1 |  623.0 |
               +--------+--------+--------+--------+--------+-----+--------+

Top non-repeatable levels by time:
  Lair:5: 2494 daAuts
  Lair:6: 2232 daAuts
  Lair:4: 2050 daAuts
  Lair:3: 1893 daAuts
    D:10: 1870 daAuts
     D:9: 1861 daAuts
  Lair:1: 1546 daAuts
     D:3: 1387 daAuts
     D:7: 1266 daAuts
  Lair:2: 1191 daAuts
     D:8: 1172 daAuts
     D:4: 1065 daAuts
     D:2: 1062 daAuts
     D:1: 1009 daAuts
     D:6: 997 daAuts
